 Dungeon Crawl Stone Soup version 0.32-a0-42-ga30500b4d3 (webtiles) character file.

Game seed: 6481672520127570507

18025 cforsyth the Fighter (level 12, -1/101 HPs)
             Began as a Djinni Reaver on Jan 28, 2024.
             Was a Follower of Yredelemnul.
             Slain by a skeletal warrior
             ... wielding a +0 glaive
              (29 damage)
             ... on level 13 of the Dungeon.
             The game lasted 00:23:42 (16680 turns).

cforsyth the Fighter (Djinni Reaver)               Turns: 16680, Time: 00:23:42

Health: -1/101     AC:  6    Str: 17    XL:     12   Next: 90%
Gold:   673        EV: 12    Int: 20    God:    Yredelemnul [*.....] SH:  0 Dex: 12

rFire   + + .        A - +3 dagger (elec)
rCold   x . .        (no shield)
rNeg    . . .        b - +0 leather armour
rPois   ∞            G - +2 hat {SInv}
rElec   .            d - scarf {shadows}
rCorr   .            g - +0 pair of gloves
SInv    +            (boots unavailable)
Will    +....        (no amulet)
Stlth   +            B - +6 ring of strength
HPRegen 0.36/turn    D - ring of see invisible
MPRegen 0.00/turn

%: infuse magic (-2 HP)
@: flying
A: sickness immunity, fire resistance 2, cold vulnerability 1, float, innate
caster, HP casting, extra vitality 1
a: Renounce Religion, Recall Undead Harvest


You were on level 13 of the Dungeon.
You worshipped Yredelemnul.
Yredelemnul was noncommittal.
You visited 2 branches of the dungeon, and saw 14 of its levels.

You collected 673 gold pieces.

Inventory:

Hand Weapons
 a - a +0 short sword
 q - a +1 vampiric dagger
 A - a +3 dagger of electrocution (weapon)
Missiles
 I - a throwing net
Armour
 b - a +0 leather armour (worn)
 d - a scarf of shadows (worn)
 g - a +0 pair of gloves (worn)
 v - a +0 helmet
 G - a +2 hat of see invisible (worn)
Jewellery
 B - a +6 ring of strength (left hand)
 D - a ring of see invisible (right hand)
 F - a +6 ring of intelligence
Wands
 w - a wand of roots (30)
 y - a wand of mindburst (16)
 E - a wand of quicksilver (8)
 K - a wand of digging (3)
Scrolls
 e - 2 scrolls of vulnerability
 h - a scroll of revelation {unknown}
 i - 9 scrolls of identify {unknown}
 o - a scroll of enchant weapon
 s - 2 scrolls of teleportation {unknown}
 t - 2 scrolls of amnesia
 z - a scroll of summoning {unknown}
 C - a scroll of immolation {unknown}
 H - a scroll of poison {unknown}
 J - a scroll of noise {unknown}
 L - a scroll of enchant armour {unknown}
 M - a scroll of fear {unknown}
Potions
 c - a potion of invisibility {unknown}
 f - 3 potions of curing {unknown}
 j - a potion of degeneration {unknown}
 k - 2 potions of resistance {unknown}
 l - 4 potions of haste {unknown}
 m - 3 potions of attraction {unknown}
 n - 2 potions of cancellation {unknown}
 p - 3 potions of heal wounds {unknown}
 r - 3 potions of lignification {unknown}
 u - a potion of berserk rage {unknown}
 x - a potion of mutation {unknown}


   Skills:
 + Level 14.5 Fighting
 - Level 3.5 Short Blades
 - Level 3.4 Dodging
 + Level 11.3 Spellcasting
 + Level 11.3 Conjurations
 + Level 11.3 Hexes
 + Level 11.3 Summonings
 + Level 11.3 Necromancy
 + Level 11.3 Translocations
 + Level 11.3 Fire Magic
 + Level 11.3 Ice Magic
 + Level 11.3 Air Magic
 + Level 11.3 Earth Magic
 + Level 11.3 Alchemy


You knew the following spells:

 Your Spells              Type           Power      Damage    Failure   Level
a - Kiss of Death         Conj/Necr      100%       2d13      1%          1
b - Momentum Strike       Conj/Tloc      100%       3d10      1%          2
c - Hailstorm             Conj/Ice       54%        3d11      1%          3
d - Summon Small Mammal   Summ           100%       N/A       1%          1
e - Scorch                Fire           100%       2d9       1%          2
f - Searing Ray           Conj           100%       2d8       1%          2
g - Sticky Flame          Fire/Alch      54%        2d10      1%          4
h - Petrify               Alch/Erth      54%        N/A       1%          4
Your spell library was empty.

Dungeon Overview and Level Annotations

Branches:
Dungeon (13/15)            Temple (1/1) D:5            Lair (0/5) D:10
    Orc (0/2) D:9
 Vaults: D:13-14

Altars:
Ashenzari
Cheibriados
Dithmenos
Elyvilon
Fedhas
Gozag
Hepliaklqana
Makhleb
Nemelex Xobeh
Okawaru
Qazlal
Ru
Trog
Uskayaw
Wu Jian
Xom
Yredelemnul
Zin
The Shining One

Shops:
D:3 :   D:10 =

Annotations:
D:5 3 runed translucent doors, Azoth's ghost, novice DsSh


Innate Abilities, Weirdness & Mutations

You are immune to sickness and miasma.
You are immune to poison.
Your flesh is very heat resistant. (rF++)
You are vulnerable to cold. (rC-)
You float through the air rather than walking.
You learn spells naturally, not from books.
Your magical power is your life essence.
You have superior vitality. (+4 MHP)


Message History

You swap places.
The orc warrior hits you with a +0 dire flail!
Casting: Scorch (safe; 1% risk of failure)
Confirm with . or Enter, or press ? or * to list all spells.
Aiming: Sticky Flame (mildly dangerous; 1% risk of failure)
Press: ? - help, Shift-Dir - straight line, f - orc warrior
Aim: an orc warrior, wielding a +0 dire flail and wearing a +0 chain mail (moderately wounded, more vulnerable to fire, ally target)
The sticky flame hits the orc warrior!!
The orc warrior is burned terribly!
You kill the orc warrior!
The dead are walking!
Things that are here:
a +0 dire flail; a +0 chain mail You swap places.
There is an open door here.
An orc is nearby!
A skeletal warrior comes into view. It is wielding a +0 glaive.
Flames lash the orc.
You kill the orc!
Flames lash the skeletal warrior.
The skeletal warrior is lightly damaged.
The skeletal warrior's fire resistance burns away.
The skeletal warrior hits you from afar with a +0 glaive!!
You are too injured to fight recklessly!
A centaur warrior zombie comes into view.
Your orc warrior zombie hits the skeletal warrior.
The skeletal warrior hits you with a +0 glaive!
Casting: Scorch (safe; 1% risk of failure)
Confirm with . or Enter, or press ? or * to list all spells.
Aiming: Sticky Flame (mildly dangerous; 1% risk of failure)
Press: ? - help, Shift-Dir - straight line, f - skeletal warrior
Aim: a skeletal warrior, wielding a +0 glaive (lightly damaged, more vulnerable to fire, ally target)
The sticky flame hits the skeletal warrior.
The skeletal warrior is burned terribly!
The skeletal warrior is moderately damaged.
* * * LOW HITPOINT WARNING * * *
The skeletal warrior burns!
Your orc warrior zombie hits the skeletal warrior.
The skeletal warrior hits you with a +0 glaive!!
You die...
Your body becomes fuel for the black torch. #####)### #.# #)# #.# #########'## ooO.o .......Z..# o.$o #.#...ZZ...# o.o

.....zZ....# . oo
..Z..)@....# ..
o###..$.........# #'
#........###8...#
#.o##.# ... #8...#
#..z.# ## #....#
######o## ##...#
........# ######'##
.......o# #.......#
.......o######.......#


You could see a skeletal warrior (burning, combustible, ally target), a centaur
warrior zombie, a friendly orc zombie, a friendly orc warrior zombie, a friendly
orc priest zombie and a friendly ogre zombie.

Vanquished Creatures
  Gastronok (D:10)
  A boulder beetle (D:13)
  2 two-headed ogres
  An occultist (D:12)
  2 skeletal warriors (D:13)
  A deep elf pyromancer (D:12)
  A cyclops (D:12)
  2 centaur zombies (D:13)
  A gargoyle (D:10)
  An unseen horror (D:11)
  A komodo dragon (D:12)
  4 trolls
  A tengu conjurer (D:12)
  A merfolk (D:10)
  A hornet (D:7)
  2 meliai zombies (D:13)
  A wraith (D:9)
  5 yaks (D:10)
  A vampire (D:11)
  2 wyverns
  A steam dragon (D:6)
  3 vampire mosquitoes (D:12)
  An acid dragon (D:11)
  3 water moccasins
  11 orc warriors
  4 ice beasts
  8 centaurs
  2 ogres
  A kobold brigand (D:10)
  4 bullfrogs
  Blork the orc (D:5)
  3 scorpions
  4 wights (D:7)
  7 killer bees (D:8)
  3 electric eels (D:10)
  A howler monkey (D:11)
  2 lava snakes (D:12)
  2 jellies
  A gnoll bouda (D:5)
  7 orc priests
  6 hounds
  4 iguanas
  10 orc wizards
  Robin (D:4)
  5 adders
  7 gnolls (D:5)
  A shadow imp (D:7)
  A white imp (D:6)
  2 ufetubi (D:6)
  A dart slug (D:1)
  2 ribbon worms
  37 orcs
  5 ball pythons
  3 bats
  2 endoplasms (D:1)
  4 giant cockroaches
  13 goblins
  6 hobgoblins
  5 jackals (D:1)
  A quokka (D:4)
  3 frilled lizards
  13 kobolds
  4 rats
237 creatures vanquished.

Vanquished Creatures (collateral kills)
  2 two-headed ogres
  A tengu warrior (D:12)
  A shadow (D:12)
  2 wraiths
  A fire elemental (D:12)
  A water moccasin (D:8)
  A lava snake (D:12)
  A hound (D:10)
  An orc priest (D:7)
  2 orc wizards
  3 orcs
  A frilled lizard (D:3)
  A kobold (D:3)
  A rat (D:3)
19 creatures vanquished.

Vanquished Creatures (others)
  A wraith (D:9)
  A merfolk zombie (D:10)
  2 troll zombies
  3 yak zombies (D:10)
  A tengu zombie (D:12)
  A bullfrog zombie (D:8)
  A centaur zombie (D:7)
  2 killer bee zombies (D:8)
  A hound zombie (D:10)
  11 orc zombies
  A lava snake zombie (D:12)
  3 kobold zombies (D:10)
28 creatures vanquished.

Grand Total: 284 creatures vanquished

Notes
Turn   | Place    | Note
-------+----------+-------------------------------------------
     0 | D:1      | cforsyth the Djinni Reaver began the quest for the Orb.
     0 | D:1      | cforsyth set off with the following spells memorised: Kiss
                  | of Death, Momentum Strike, Hailstorm.
     0 | D:1      | Reached XP level 1. HP: 18/18 MP: 0/0
   158 | D:1      | Reached XP level 2. HP: 14/23 MP: 0/0
   407 | D:1      | Reached XP level 3. HP: 28/28 MP: 0/0
   407 | D:1      | Learned a level 1 spell: Summon Small Mammal
   973 | D:2      | Reached XP level 4. HP: 17/34 MP: 0/0
  1605 | D:3      | Reached XP level 5. HP: 29/40 MP: 0/0
  1605 | D:3      | Learned a level 2 spell: Scorch
  1825 | D:3      | Reached skill level 3 in Fighting
  2045 | D:3      | Found Jukij's Book Boutique.
  2403 | D:4      | Noticed Robin
  2404 | D:4      | Noticed an ogre
  2440 | D:3      | Killed an ogre
  2441 | D:3      | Reached XP level 6. HP: 35/47 MP: 0/0
  2488 | D:4      | Killed Robin
  2646 | D:4      | Reached skill level 4 in Fighting
  3114 | D:5      | Entered Level 5 of the Dungeon
  3114 | D:5      | Noticed Blork the orc
  3114 | D:5      | Noticed a water moccasin
  3116 | D:5      | Noticed an ice beast
  3121 | D:4      | Killed a water moccasin
  3122 | D:4      | Reached XP level 7. HP: 16/53 MP: 0/0
  3122 | D:4      | Learned a level 2 spell: Searing Ray
  3312 | D:5      | Reached skill level 5 in Fighting
  3594 | D:5      | Reached XP level 8. HP: 49/60 MP: 0/0
  3649 | D:5      | Reached skill level 5 in Spellcasting
  3649 | D:5      | Reached skill level 5 in Conjurations
  3649 | D:5      | Reached skill level 5 in Hexes
  3649 | D:5      | Reached skill level 5 in Summonings
  3649 | D:5      | Reached skill level 5 in Necromancy
  3649 | D:5      | Reached skill level 5 in Translocations
  3649 | D:5      | Reached skill level 5 in Fire Magic
  3649 | D:5      | Reached skill level 5 in Ice Magic
  3649 | D:5      | Reached skill level 5 in Air Magic
  3649 | D:5      | Reached skill level 5 in Earth Magic
  3649 | D:5      | Reached skill level 5 in Alchemy
  3759 | D:5      | Killed Blork the orc
  3760 | D:5      | Reached skill level 6 in Fighting
  4335 | D:5      | Found a staircase to the Ecumenical Temple.
  4412 | D:5      | Found a runed translucent gate.
  4414 | D:5      | Found a runed translucent gate.
  4416 | D:5      | Found a runed translucent gate.
  4416 | D:5      | Found an opulent altar of Gozag.
  4471 | Temple   | Entered the Ecumenical Temple
  4492 | Temple   | Became a worshipper of Yredelemnul the Dark
  4579 | D:5      | Noticed Azoth's ghost (novice DsSh)
  4631 | D:6      | Reached * piety under Yredelemnul
  4645 | D:6      | Reached skill level 7 in Fighting
  5171 | D:6      | Reached XP level 9. HP: 48/68 MP: 0/0
  5171 | D:6      | Learned a level 4 spell: Sticky Flame
  5676 | D:7      | Reached skill level 8 in Fighting
  6234 | D:7      | Reached ** piety under Yredelemnul
  6808 | D:7      | Noticed a hornet
  6813 | D:7      | Killed a hornet
  6814 | D:7      | Reached skill level 9 in Fighting
  6885 | D:7      | Reached *** piety under Yredelemnul
  7166 | D:8      | Reached XP level 10. HP: 48/78 MP: 0/0
  7751 | D:8      | Reached skill level 10 in Fighting
  8786 | D:9      | Found a staircase to the Orcish Mines.
  9172 | D:9      | Found a white marble altar of Elyvilon.
  9172 | D:9      | Found a burning altar of Makhleb.
  9202 | D:9      | Noticed an angel
  9203 | D:9      | Found a shimmering altar of Xom.
  9203 | D:9      | Found a glowing silver altar of Zin.
  9524 | D:9      | Noticed a two-headed ogre
  9529 | D:9      | Killed a two-headed ogre
  9650 | D:10     | Entered Level 10 of the Dungeon
  9659 | D:10     | Reached skill level 11 in Fighting
  9668 | D:10     | Reached XP level 11. HP: 56/87 MP: 0/0
  9668 | D:10     | Learned a level 4 spell: Petrify
  9887 | D:10     | Noticed a two-headed ogre
  9899 | D:10     | Killed a two-headed ogre
 10112 | D:10     | Found an ornate altar of the Wu Jian Council.
 10136 | D:10     | Noticed Gastronok
 10145 | D:10     | Killed Gastronok
 10146 | D:10     | Reached skill level 12 in Fighting
 10762 | D:10     | Found a staircase to the Lair.
 11499 | D:10     | Found Huaggat's Jewellery Shop.
 12060 | D:10     | Found an ornate altar of the Wu Jian Council.
 12208 | D:10     | Found Huaggat's Jewellery Shop.
 12492 | D:10     | Found a staircase to the Lair.
 12831 | D:11     | Noticed a two-headed ogre
 12840 | D:11     | Killed a two-headed ogre
 12841 | D:11     | Reached skill level 10 in Spellcasting
 12841 | D:11     | Reached skill level 10 in Conjurations
 12841 | D:11     | Reached skill level 10 in Hexes
 12841 | D:11     | Reached skill level 10 in Summonings
 12841 | D:11     | Reached skill level 10 in Necromancy
 12841 | D:11     | Reached skill level 10 in Translocations
 12841 | D:11     | Reached skill level 10 in Fire Magic
 12841 | D:11     | Reached skill level 10 in Ice Magic
 12841 | D:11     | Reached skill level 10 in Air Magic
 12841 | D:11     | Reached skill level 10 in Earth Magic
 12841 | D:11     | Reached skill level 10 in Alchemy
 13662 | D:12     | Noticed a tengu warrior
 13670 | D:12     | Killed a tengu warrior
 13671 | D:12     | Reached skill level 13 in Fighting
 13671 | D:12     | Reached XP level 12. HP: 47/98 MP: 0/0
 13968 | D:12     | Noticed an occultist
 13982 | D:12     | Killed an occultist
 14159 | D:12     | Noticed a two-headed ogre
 14164 | D:12     | Killed a two-headed ogre
 15327 | D:13     | Noticed a boulder beetle
 15336 | D:13     | Killed a boulder beetle
 15337 | D:13     | Reached skill level 14 in Fighting
 15507 | D:13     | Noticed a skeletal warrior
 15893 | D:13     | Noticed a skeletal warrior
 15976 | D:13     | Killed a skeletal warrior
 16052 | D:13     | Noticed a skeletal warrior
 16059 | D:13     | Killed a skeletal warrior
 16168 | D:13     | Noticed a skeletal warrior
 16675 | D:13     | Noticed a skeletal warrior
 16680 | D:13     | Slain by a skeletal warrior

Illustrated notes

Levels and vault maps discovered:
D:1:      sevenhm_arrival_forest_fort_small_3, layout_loops_ring
D:2:      layout_rooms
D:3:      layout_basic, serial_shops, nicolae_shop_behind_doors,
          reono_crystal_passage
D:4:      layout_basic, due_unseen_surprise, uniq_robin
D:5:      layout_rooms, minmay_temple_entry_nine_rooms, ebering_ghost_gozag,
          minivault_26, uniq_blork_the_orc
D:6:      layout_basic
D:7:      layout_basic
D:8:      layout_basic
D:9:      layout_layer_cave, gammafunk_temple_overflow_elements,
          grunt_temple_overflow_order_and_chaos_1, orc_0_dummy
D:10:     layout_basic, nzn_wu_jian_contemplation, erik_lair_island,
          serial_shops, shop_fountains, hangedman_fish_farm, uniq_gastronok
D:11:     layout_roguey, minivault_22
D:12:     layout_irregular_city, kennysheep_cluttered_room
D:13:     layout_roguey [special_room_orc], serial_shops, shop, serial_undead,
          serial_undead_e, serial_undead_f, serial_undead_f, serial_undead_f,
          serial_undead_d, serial_undead_a
Temple:   minmay_temple_bridge_d

Skill      XL: |  1  2  3  4  5  6  7  8  9 10 11 12 |
---------------+-------------------------------------+-----
Spellcasting   | 3 4 6 7 8 10 11 | 11.3
Conjurations   | 3 4 6 7 8 10 11 | 11.3
Hexes          | 3 4 6 7 8 10 11 | 11.3
Summonings     | 3 4 6 7 8 10 11 | 11.3
Necromancy     | 3 4 6 7 8 10 11 | 11.3
Translocations | 3 4 6 7 8 10 11 | 11.3
Fire Magic     | 3 4 6 7 8 10 11 | 11.3
Ice Magic      | 3 4 6 7 8 10 11 | 11.3
Air Magic      | 3 4 6 7 8 10 11 | 11.3
Earth Magic    | 3 4 6 7 8 10 11 | 11.3
Alchemy        | 3 4 6 7 8 10 11 | 11.3
Short Blades   | 3 |  3.5
Dodging        | 3 |  3.4
Fighting       | 3 4 5 7 9 11 13 14 | 14.5

Action                     |  1- 3 |  4- 6 |  7- 9 | 10-12 || total
---------------------------+-------+-------+-------+-------++-------
  Melee: Short sword       |   131 |    39 |       |       ||   170
         Punch             |     1 |       |       |       ||     1
         Dagger            |       |       |       |    14 ||    14
   Cast: Momentum Strike   |     1 |     1 |       |     5 ||     7
         Summon Small Mamm |       |     7 |       |     2 ||     9
         Scorch            |       |    56 |   117 |   235 ||   408
         Hailstorm         |       |     1 |     7 |       ||     8
         Searing Ray       |       |       |     7 |     7 ||    14
         Kiss of Death     |       |       |     1 |     5 ||     6
         Sticky Flame      |       |       |     7 |    54 ||    61
         Petrify           |       |       |       |     3 ||     3
    Use: Scroll            |       |       |       |     5 ||     5
 Armour: Leather armour    |    65 |    35 |    42 |   270 ||   412
  Dodge: Dodged            |    58 |    30 |    45 |   207 ||   340

Table legend: (Time is in decaauts)
 A = Elapsed time spent in this place.
 B = Non-inter-level travel time spent in this place.
 C = Inter-level travel time spent in this place.
 D = Time resting spent in this place.
 E = Time spent auto-exploring this place.
 F = Levels seen in this place.
 G = Mean time per level.
                   A        B        C        D        E       F      G
               +--------+--------+--------+--------+--------+-----+--------+
         Total |  16682 |  16219 |    463 |   1704 |  12590 |  14 | 1191.6 |
       Dungeon |  16640 |  16218 |    422 |   1704 |  12590 |  13 | 1280.0 |
        Temple |     42 |      1 |     41 |      0 |      0 |   1 |   42.0 |
               +--------+--------+--------+--------+--------+-----+--------+

Top non-repeatable levels by time:
    D:10: 2807 daAuts
    D:12: 2014 daAuts
     D:8: 1589 daAuts
     D:7: 1395 daAuts
     D:5: 1253 daAuts
     D:9: 1178 daAuts
     D:6: 1109 daAuts
    D:13: 1082 daAuts
    D:11: 939 daAuts
     D:3: 928 daAuts
     D:4: 876 daAuts
     D:1: 851 daAuts
     D:2: 615 daAuts
  Temple: 42 daAuts
